 Dungeon Crawl Stone Soup version 0.29.1-12-g30fa7ad0bf (webtiles) character file.

Game seed: 15965864387304385593

27 hawla the Chiller (level 3, 0/26 HPs)
             Began as a Meteoran Ice Elementalist on Dec 12, 2022.
             Slain by a scorpion (3 damage)
             ... on level 5 of the Dungeon.
             The game lasted 00:02:14 (370 turns).

hawla the Chiller (Meteoran Ice Elementalist)        Turns: 370, Time: 00:02:15

Health: 0/26       AC:  3    Str:  9    XL:     3   Next: 44%
Magic:  2/8        EV: 12    Int: 18    God:
Gold:   118        SH:  0    Dex: 15    Spells: 7/8 levels left

rFire   . . .      SeeInvis .   (no weapon)
rCold   . . .      Faith    .   (no shield)
rNeg    . . .      Spirit   .   a - +0 robe
rPois   .          Reflect  .   (no helmet)
rElec   .          Harm     .   (no cloak)
rCorr   .          Rampage  .   g - +0 pair of gloves
Will    .....                   (no boots)
Stlth   +.........              (no amulet)
HPRegen 0.08/turn               (no ring)
MPRegen 0.11/turn               (no ring)

@: marked, hasted, glowing, very quick
A: sense surroundings 1, otherworldly, glowing, explore regen
a: no special abilities


You were on level 5 of the Dungeon.
You visited 1 branch of the dungeon, and saw 4 of its levels.

You collected 118 gold pieces.

Inventory:

Armour
 a - a +0 robe (worn)
 g - a +0 pair of gloves (worn)
Scrolls
 c - a scroll of blinking {unknown}
 f - a scroll of teleportation
 h - a scroll of vulnerability {unknown}
Potions
 b - a potion of magic
 d - a potion of attraction


   Skills:
 + Level 2.6 Dodging
 - Level 1.4 Stealth
 + Level 3.0 Spellcasting
 + Level 5.2 Ice Magic


You had 7 spell levels left.
You knew the following spells:

 Your Spells              Type           Power      Damage    Failure   Level
a - Freeze                Ice            84%        1d10      1%          1

Your spell library contained the following spells:

 Spells                   Type           Power      Damage    Failure   Level
 Frozen Ramparts          Ice            42%        1d7       6%          3
 Ozocubu's Armour         Ice            21%        N/A       6%          3
 Hailstorm                Conj/Ice       12%        3d5       50%         4


Dungeon Overview and Level Annotations

Branches:
Dungeon (5/15) Zot: 2030
 Temple: D:4-7

Altars:


Innate Abilities, Weirdness & Mutations

You passively map a small area around you.
You are easily found by Zot.
You glow in the dark.
You regain HP and MP as you explore.


Message History

Confirm with . or Enter, or press ? or * to list all spells.
Aiming: Freeze (safe; 3% risk of failure)
Press: ? - help, Shift-Dir - straight line, f/p - iguana
Aim: an iguana (heavily wounded)
You freeze the iguana.
The iguana is severely wounded.
The iguana bites you!
Ouch! That really hurt!
Casting: Freeze (safe; 3% risk of failure)
Confirm with . or Enter, or press ? or * to list all spells.
Aiming: Freeze (safe; 3% risk of failure)
Press: ? - help, Shift-Dir - straight line, f/p - iguana
Aim: an iguana (severely wounded)
You freeze the iguana.
The iguana is almost dead.
The iguana seems to slow down.
Unknown command.
Casting: Freeze (safe; 3% risk of failure)
Confirm with . or Enter, or press ? or * to list all spells.
Aiming: Freeze (safe; 3% risk of failure)
Press: ? - help, Shift-Dir - straight line, f/p - iguana
Aim: an iguana (almost dead, slow)
You freeze the iguana.
You kill the iguana!
The scorpion barely misses you.
Your Spellcasting skill increases to level 3!
Your Ice Magic skill increases to level 5!
You have reached level 2!
You have reached level 3!
Your experience leads to an increase in your attributes!
Increase (S)trength, (I)ntelligence, or (D)exterity?
You feel clever. x2; You feel agile.
You feel yourself speed up. The scorpion closely misses you.
A centaur comes into view.
You closely miss the scorpion.
The centaur wields a +0 shortbow.
The centaur shoots an arrow.
The arrow hits you!
* * * LOW HITPOINT WARNING * * *
The scorpion completely misses you. The scorpion stings you.
You die...

, ..#. * ***
....#### ,
.......##### ,
*#.......##
###c.....##
##..##...##
#...####..##
##..## ##..##
* #@s## ##..##
##.## ##..## #
#..# ##...#..
#..##
##....... ##.#
##......## ###
##.......# ##
#####....###.#
#.##.....####
#.##
#.......##
#..#


You could see a centaur and a scorpion.

Vanquished Creatures
  An iguana (D:5)
  An endoplasm (D:3)
  A quokka (D:3)
3 creatures vanquished.

Notes
Turn   | Place    | Note
-------+----------+-------------------------------------------
     0 | D:1      | hawla the Meteoran Ice Elementalist began the quest for the
                  | Orb.
     0 | D:1      | Reached XP level 1. HP: 14/14 MP: 5/5
   255 | D:3      | You fall into a shaft and drop 2 floors!
   255 | D:5      | Entered Level 5 of the Dungeon
   359 | D:5      | Noticed an iguana
   363 | D:5      | Noticed a scorpion
   367 | D:5      | Killed an iguana
   368 | D:5      | Reached skill level 5 in Ice Magic
   368 | D:5      | Reached XP level 2. HP: 8/20 MP: 2/7
   368 | D:5      | Reached XP level 3. HP: 10/26 MP: 2/8
   368 | D:5      | Noticed a centaur
   370 | D:5      | Slain by a scorpion

Illustrated notes

Levels and vault maps discovered:
D:1:      psy_arrival_basics, layout_basic, dilly_ecumenical_altar_fadedgnrine,
          minmay_tiny_reverse_x
D:2:      layout_basic, serial_shops, shop, amcnicky_mini_rare_corridor_liquid
D:3:      layout_basic, lemuel_round_altar, serial_shops,
          nicolae_shop_hallway_plus, grunt_decor_mini_mirrors, uniq_ijyb
D:5:      layout_layer_cave, minmay_temple_entry_mini_moons

Skill      XL: |  1 |
---------------+----+-----
Spellcasting   | 3 |  3.0
Ice Magic      | 5 |  5.2
Dodging        | |  2.6
Stealth        | |  1.4

Action                   || total
-------------------------++-------
Melee: Unarmed           ||     1
 Cast: Freeze            ||     9
  Use: Scroll            ||     3
       Potion            ||     1
Armor: Robe              ||     1
Dodge: Dodged            ||     6
